cohdb
Replays
Latest Replays
All Replays
Popular Replays
Top Player Replays
Match Explorer
How It Works
Community
CoH3 Stats
Reddit
Sign in to upload your games and track your stats! →
Sign in with Steam
Match 42417376
Unlisted
Match 42417376
Overview
Messages
Build Orders
End
Pioneer Squad
Selects Mechanized Battlegroup
Construct Infanterie Kompanie
MG 42 Machine Gun Team
Grenadier Squad
Grenadier Squad
Construct Panzergrenadier Kompanie
Panzergrenadier Squad
251 Medium Carrier
Panzergrenadier Squad
Selects Raid Package
Support Elements
StuG III G Assault Gun
Thank You Chef
The_Buccaneer
0
0
Comments
sign in to comment!
No comments posted yet!